 Dungeon Crawl Stone Soup version 0.27-a0-1579-g97d2440184 (webtiles) character file.

Game seed: 11760200329520143709

9725 freelancePsychic the Nimble (level 11, 0/84 HPs)
             Began as a Djinni Ice Elementalist on July 17, 2021.
             Slain by a death yak (13 damage)
             ... in a Gauntlet.
             The game lasted 00:28:19 (9647 turns).

freelancePsychic the Nimble (DjIE)                  Turns: 9647, Time: 00:28:20

Health: 0/84       AC: 13    Str:  7    XL:     11   Next: 79%
Gold:   800        EV: 16    Int: 20    God:
                   SH:  0    Dex: 14

rFire    + + .     SeeInvis .   a - +0 dagger (vorpal)
rCold    x . .     Faith    .   (no shield)
rNeg     . . .     Spirit   .   E - +0 steam dragon scales
rPois    ∞         Reflect  .   (no helmet)
rElec    .         Harm     .   (no cloak)
rCorr    .         Rampage  .   (no gloves)
Will     +....     NoTele   +   (boots unavailable)
Stlth    +++.......             e - amulet of regeneration
HPRegen  1.24/turn              i - ring of wizardry
MPRegen  0.00/turn              (no ring)

@: ice-armoured, flying, slowed, very slow
A: sickness immunity, fire resistance 2, cold vulnerability 1, float, innate
caster, hp casting, extra vitality 1
a: no special abilities


You were in a Gauntlet.
You visited 2 branches of the dungeon, and saw 12 of its levels.
You also visited: Gauntlet.

You collected 858 gold pieces.
You spent 58 gold pieces at shops.

Inventory:

Hand Weapons
 a - a +0 vorpal dagger (weapon)
Missiles
 F - a throwing net
 G - a curare-tipped dart
Armour
 E - +0 steam dragon scales (worn)
Magical Staves
 b - a staff of earth
Jewellery
 c - a +4 ring of slaying
 e - an amulet of regeneration (around neck)
 i - a ring of wizardry (left hand)
 l - a ring of protection from fire
 q - a ring of flight
Wands
 j - a wand of flame (12)
 x - a wand of charming (18)
 A - a wand of iceblast (18)
Scrolls
 h - a scroll of enchant armour
 n - a scroll of vulnerability
 p - a scroll of noise
 C - a scroll of silence
Potions
 d - 2 potions of lignification
 f - a potion of resistance {unknown}
 g - 3 potions of ambrosia {unknown}
 k - 2 potions of experience {unknown}
 m - 3 potions of brilliance {unknown}
 o - a potion of heal wounds {@q2}
 r - 3 potions of degeneration {unknown}
 s - 3 potions of flight {unknown}
 t - 5 potions of curing {@q1}
 u - a potion of berserk rage
 v - 2 potions of might {unknown}
 z - a potion of haste {unknown}
 D - a potion of attraction {unknown}


   Skills:
 - Level 9.3 Fighting
 + Level 4.0 Short Blades
 - Level 9.5 Dodging
 + Level 4.4 Stealth
 + Level 9.0 Spellcasting


You had 4 spell levels left.
You knew the following spells:

 Your Spells              Type           Power      Damage    Failure   Level
a - Freeze                Ice            100%       1d11      1%          1
b - Frozen Ramparts       Ice            90%        1d11      1%          3
c - Ozocubu's Armour      Ice            45%        N/A       1%          3
d - Hailstorm             Conj/Ice       45%        3d10      1%          4
e - Static Discharge      Conj/Air       45%        N/A       1%          2
f - Corona                Hex            50%        N/A       1%          1
g - Summon Guardian Gole  Hex/Summ       45%        N/A       1%          3
h - Dazzling Flash        Conj/Hex       90%        N/A       1%          3
i - Petrify               Tmut/Erth      45%        N/A       1%          4
Your spell library was empty.

Dungeon Overview and Level Annotations

Branches:
Dungeon (11/15)            Temple (0/1) D:6            Lair (0/6) D:11
    Orc (1/2) D:9         Gauntlet (1/1)

Altars:
Cheibriados
Elyvilon
Gozag
Kikubaaqudgha
Qazlal
Vehumet

Shops:
D:3 *   D:5 ?   D:9 [*

Annotations:
D:2 1 runed translucent door, exclusion: downstairs, Crazy Yiuf Gauntlet 7 transporters, 4 runed translucent doors


Innate Abilities, Weirdness & Mutations

You are immune to sickness and miasma.
You are immune to poison.
Your flesh is very heat resistant. (rF++)
You are vulnerable to cold. (rC-)
You float through the air rather than walking.
You learn spells naturally, not from books.
Your magical power is your life essence.
You have superior vitality. (+4 HP)


Message History

Confirm with . or Enter, or press ? or * to list all spells.
A guardian golem appears, shielding your allies.
The death yak closely misses you.
Something gores your guardian golem but does no damage.
The death yak gores you!! Something gores your guardian golem.
The death yak gores you!
Casting: Summon Guardian Golem (safe; 1% risk of failure)
Confirm with . or Enter, or press ? or * to list all spells.
A film of ice covers your body! The death yak gores you.
The death yak barely misses you. Something gores your guardian golem.
The death yak barely misses you.
Casting: Ozocubu's Armour (safe; 1% risk of failure)
Confirm with . or Enter, or press ? or * to list all spells.
The death yak is struck by an arc of lightning!
The death yak is lightly wounded.
The torpor snail is struck by an arc of lightning!
The torpor snail is lightly wounded.
The death yak is struck by an arc of lightning.
The death yak is moderately wounded.
The lightning grounds out.
The death yak is struck by an arc of lightning.
The death yak is lightly wounded.
The death yak gores you but does no damage.
Something gores your guardian golem! The death yak barely misses you.
The death yak gores you. Something gores your guardian golem!
Casting: Static Discharge (safe; 1% risk of failure)
Confirm with . or Enter, or press ? or * to list all spells.
The death yak is struck by an arc of lightning!
The death yak is moderately wounded.
The torpor snail is struck by an arc of lightning.
The torpor snail is lightly wounded.
The death yak is struck by an arc of lightning.
The death yak is lightly wounded.
The lightning grounds out.
The death yak is struck by an arc of lightning.
The death yak is lightly wounded.
The death yak gores you!!
* * * LOW HITPOINT WARNING * * *
Something gores your guardian golem. The death yak gores you!
You die...

⌠.⌠.©.©.⌠.⌠ .........
### ######### ### ###
#≈###.......###≈###≈##
≈≈≈#..∩.⌠.∩..#≈≈≈#≈≈≈#
...................≈##
########.#########.##
[##©##!#.###$YwY.#.≈##
b.#..#h#.###.###@#.≈≈#
##.##.##.#.#..##Y#.≈##
.#.©#..###...©.8.#.##
#.##.###.#.##..#.#.≈##
#..#..##.#.###.###.≈≈#
h##.##.#.#.....###.≈##
########.#########.##
..#©.........©#....≈##
⌠.#.⌠.⌠.⌠.⌠.⌠.#.⌠..≈≈#


You could see 3 death yaks, a torpor snail and a friendly guardian golem
(summoned).

Vanquished Creatures
  An orc sorcerer (D:9)
  A komodo dragon (D:6)
  A troll (D:9)
  A hornet (D:9)
  Prince Ribbit (D:7)
  Sigmund (D:5)
  A shadow (D:10)
  5 yaks (D:5)
  2 wyverns
  Eustachio (D:5)
  2 steam dragons (D:8)
  A neqoxec (Gauntlet)
  3 chaos spawn (Gauntlet)
  2 wargs (D:9)
  A water moccasin (D:6)
  An ice beast (D:6)
  12 orc warriors
  A sky beast (D:7)
  A hornet zombie (D:9)
  3 necrophages
  4 centaurs
  3 ogres
  4 kobold brigands
  4 bullfrogs
  A gnoll sergeant (D:10)
  2 scorpions
  A water moccasin zombie (D:5)
  3 killer bees (D:7)
  A water moccasin skeleton (D:6)
  2 wights (D:4)
  3 electric eels (D:10)
  3 centaur zombies
  A hound (D:4)
  A human zombie (D:4)
  2 gnoll shamans (D:9)
  3 jellies
  A bullfrog skeleton (D:4)
  8 orc priests
  An iguana (D:7)
  A scorpion zombie (D:4)
  13 orc wizards
  A hound zombie (D:4)
  A mummy (D:4)
  13 gnolls
  2 adders
  A white imp (D:8)
  4 adder zombies (D:4)
  2 worms
  A dart slug (D:1)
  33 orcs
  4 ball pythons (D:3)
  6 endoplasms
  4 goblins
  10 hobgoblins
  9 jackals
  4 quokkas
  2 bats
  2 frilled lizards
  17 kobolds
  6 rats
226 creatures vanquished.

Vanquished Creatures (others)
  Harold (D:7)
  Joseph (D:7)
2 creatures vanquished.

Grand Total: 228 creatures vanquished

Notes
Turn   | Place    | Note
-------+----------+-------------------------------------------
     0 | D:1      | freelancePsychic the Djinni Ice Elementalist began the
                  | quest for the Orb.
     0 | D:1      | Reached XP level 1. HP: 15/15 MP: 0/0
   263 | D:1      | Found a faded altar of an unknown god.
   561 | D:1      | Reached XP level 2. HP: 21/22 MP: 0/0
   619 | D:1      | Reached skill level 1 in Fighting
  1253 | D:2      | Reached XP level 3. HP: 20/27 MP: 0/0
  1253 | D:2      | Learned a level 1 spell: Corona
  2022 | D:2      | Found a runed translucent door.
  2023 | D:2      | Noticed Crazy Yiuf
  2335 | D:3      | Noticed a bullfrog
  2336 | D:3      | Noticed a bullfrog
  2346 | D:2      | Killed a bullfrog
  2347 | D:2      | Reached XP level 4. HP: 20/34 MP: 0/0
  2347 | D:2      | Reached XP level 5. HP: 23/39 MP: 0/0
  2347 | D:2      | Learned a level 2 spell: Static Discharge
  2552 | D:3      | Found Xomiegh's Assorted Antiques.
  2560 | D:3      | Bought a scroll labelled GEETWEOTESK for 29 gold pieces
  2560 | D:3      | Bought a scroll labelled HELUBB IMUEC for 29 gold pieces
  2638 | D:3      | Killed a bullfrog
  2639 | D:3      | Reached XP level 6. HP: 45/46 MP: 0/0
  3053 | D:4      | Noticed an ogre
  3065 | D:4      | Killed an ogre
  3101 | D:4      | Reached skill level 5 in Spellcasting
  3347 | D:4      | Reached XP level 7. HP: 40/51 MP: 0/0
  3347 | D:4      | Learned a level 3 spell: Summon Guardian Golem
  3590 | D:4      | Reached XP level 8. HP: 47/58 MP: 0/0
  3634 | D:5      | Entered Level 5 of the Dungeon
  3640 | D:5      | Reached skill level 5 in Fighting
  3772 | D:5      | Found Sanesh's Magic Scroll Boutique.
  3926 | D:5      | Noticed Sigmund
  3944 | D:5      | Killed Sigmund
  3986 | D:5      | Noticed Eustachio
  3990 | D:5      | Reached skill level 5 in Dodging
  4000 | D:5      | Killed Eustachio
  4150 | D:5      | Reached XP level 9. HP: 9/66 MP: 0/0
  4150 | D:5      | Learned a level 3 spell: Dazzling Flash
  5006 | D:6      | Found a staircase to the Ecumenical Temple.
  5189 | D:6      | Noticed a komodo dragon
  5197 | D:6      | Killed a komodo dragon
  5198 | D:6      | Reached XP level 10. HP: 24/76 MP: 0/0
  5935 | D:7      | Noticed Joseph
  5960 | D:7      | Killed Joseph
  6330 | D:7      | Noticed Harold
  6351 | D:7      | Killed Harold
  6434 | D:7      | Noticed Prince Ribbit
  6440 | D:7      | Killed Prince Ribbit
  6829 | D:8      | Reached XP level 11. HP: 36/84 MP: 0/0
  6829 | D:8      | Learned a level 4 spell: Petrify
  7395 | D:9      | Found an opulent altar of Gozag.
  7395 | D:9      | Found a stormy altar of Qazlal.
  7395 | D:9      | Found a snail-covered altar of Cheibriados.
  7536 | D:9      | Found Hir Zulu's Assorted Antiques.
  7579 | D:9      | Reached skill level 1 in Short Blades
  8179 | D:9      | Found a staircase to the Orcish Mines.
  8181 | D:9      | Found Mooczel's Armour Emporium.
  8627 | D:10     | Entered Level 10 of the Dungeon
  8972 | D:10     | Found a white marble altar of Elyvilon.
  9137 | Orc:1    | Entered Level 1 of the Orcish Mines
  9142 | Orc:1    | Noticed an orc sorcerer
  9144 | Orc:1    | Noticed an orc warlord
  9184 | D:9      | Killed an orc sorcerer
  9425 | D:11     | Found a gate leading to a gauntlet.
  9434 | Gauntlet | Entered a Gauntlet
  9434 | Gauntlet | Found a transporter.
  9434 | Gauntlet | Found a transporter.
  9436 | Gauntlet | Noticed a large abomination
  9445 | Gauntlet | Found a transporter.
  9449 | Gauntlet | Found a transporter.
  9453 | Gauntlet | Found a runed translucent door.
  9453 | Gauntlet | Noticed a worldbinder
  9455 | Gauntlet | Found a runed translucent door.
  9457 | Gauntlet | Found a transporter.
  9461 | Gauntlet | Found a transporter.
  9465 | Gauntlet | Noticed a death yak
  9466 | Gauntlet | Noticed a death yak
  9467 | Gauntlet | Noticed a death yak
  9471 | Gauntlet | Noticed a death yak
  9475 | Gauntlet | Found a transporter.
  9488 | Gauntlet | Noticed a hell hog
  9489 | Gauntlet | Found a transporter.
  9515 | Gauntlet | Found a transporter.
  9516 | Gauntlet | Found a transporter.
  9518 | Gauntlet | Found a runed translucent gate.
  9518 | Gauntlet | Found a runed translucent gate.
  9518 | Gauntlet | Found a runed translucent gate.
  9524 | Gauntlet | Found a transporter.
  9528 | Gauntlet | Found a transporter.
  9647 | Gauntlet | Slain by a death yak

Illustrated notes

Levels and vault maps discovered:
D:1:      dpeg_arrival_erosion, layout_loops_ring,
          hellmonk_ecumenical_altar_blasted
D:2:      layout_basic, uniq_crazy_yiuf_cottage
D:3:      layout_loops_ring, serial_shops, nicolae_square_shop
D:4:      layout_rooms, lemuel_mausoleum_altar_kikubaaqudgha,
          small_statue_intersection
D:5:      layout_cave_pods, serial_shops, nicolae_inconvenience_store,
          uniq_eustachio, uniq_sigmund
D:6:      layout_loops_ring, nicolae_vehumet_radiance,
          minmay_temple_entry_offerings
D:7:      layout_basic, mrwooster_statue_mirror, uniq_harold,
          uniq_prince_ribbit1, uniq_joseph
D:8:      layout_cave_pools
D:9:      layout_grid_maze, gammafunk_temple_overflow_claw, orc_david_3,
          serial_shops, shop, ebering_dispersal_statue_hall
D:10:     layout_big_octagon, elyvilon_altar_5
D:11:     layout_long_grid, minmay_lair_entry_grove, gauntlet_entry_generic
Orc:1:    layout_diamond_mine, gammafunk_ghost_wrathful_warriors, serial_shops,
          shop_fountains, uniq_sonja, uniq_snorg, uniq_gastronok
Gauntlet: minmay_gauntlet_77_indecision
          [minmay_gauntlet_arena_77_terracotta_army,
          minmay_gauntlet_arena_77_fan, minmay_gauntlet_arena_77_cramped,
          minmay_gauntlet_arena_77_run_for_it,
          minmay_gauntlet_arena_77_p_blocks,
          minmay_gauntlet_arena_77_tiled_triplets, gauntlet_exit_hidden_loot]

Skill      XL: |  1  2  3  4  5  6  7  8  9 10 11 |
---------------+----------------------------------+-----
Fighting       | 1 2 3 4 6 7 9 |  9.3
Spellcasting   | 4 5 6 7 8 9 |  9.0
Dodging        | 4 5 7 9 |  9.5
Stealth        | 4 |  4.4
Short Blades   | 4 |  4.0

Action                   |  1- 3 |  4- 6 |  7- 9 | 10-12 || total
-------------------------+-------+-------+-------+-------++-------
Melee: Dagger            |       |     3 |     3 |    54 ||    60
       Staff             |       |       |       |     5 ||     5
 Cast: Freeze            |    62 |    25 |     3 |    26 ||   116
       Frozen Ramparts   |       |     6 |    13 |     7 ||    26
       Static Discharge  |       |    14 |    60 |    80 ||   154
       Ozocubu's Armour  |       |     3 |     8 |     6 ||    17
       Hailstorm         |       |     2 |    26 |    61 ||    89
       Summon Guardian G |       |       |       |     6 ||     6
       Petrify           |       |       |       |    26 ||    26
       Dazzling Flash    |       |       |       |     6 ||     6
  Use: Scroll            |     4 |     2 |     4 |     5 ||    15
       Potion            |       |       |     2 |     1 ||     3
 Stab: Petrified         |       |       |       |    42 ||    42
       Invisible         |       |       |       |     1 ||     1
       Petrifying        |       |       |       |     1 ||     1
       Sleeping          |       |       |       |     1 ||     1
Armor: Robe              |     5 |     4 |    13 |     9 ||    31
       Steam dragon scal |       |       |       |    34 ||    34
Dodge: Dodged            |    25 |    16 |    49 |   132 ||   222

Table legend: (Time is in decaauts)
 A = Elapsed time spent in this place.
 B = Non-inter-level travel time spent in this place.
 C = Inter-level travel time spent in this place.
 D = Time resting spent in this place.
 E = Time spent auto-exploring this place.
 F = Levels seen in this place.
 G = Mean time per level.
                   A        B        C        D        E       F      G
               +--------+--------+--------+--------+--------+-----+--------+
         Total |   9647 |   9255 |    392 |    410 |   7416 |  13 |  742.1 |
       Dungeon |   9409 |   9018 |    391 |    381 |   7286 |  11 |  855.4 |
  Orcish Mines |     24 |     24 |      0 |      0 |      3 |   1 |   24.0 |
      Gauntlet |    213 |    213 |      0 |     29 |    127 |   1 |  213.0 |
               +--------+--------+--------+--------+--------+-----+--------+

Top non-repeatable levels by time:
     D:9: 1651 daAuts
     D:2: 1227 daAuts
     D:1: 1174 daAuts
     D:5: 1161 daAuts
     D:7: 916 daAuts
     D:6: 828 daAuts
     D:4: 653 daAuts
     D:8: 649 daAuts
     D:3: 593 daAuts
    D:10: 516 daAuts
Gauntlet: 213 daAuts
    D:11: 36 daAuts
   Orc:1: 24 daAuts
